 Dungeon Crawl Stone Soup version 0.30.0-20-g3615ddf2f0 (webtiles) character file.

Game seed: 11810220800196364875

497 qw the Chopper (level 7, -1/43 HPs)
             Began as a Gargoyle Fighter on May 29, 2023.
             Slain by an iguana (4 damage)
             ... on level 5 of the Dungeon.
             The game lasted 00:01:53 (3543 turns).

qw the Chopper (Gargoyle Fighter)                   Turns: 3543, Time: 00:01:53

Health: -1/43      AC: 16    Str: 21 (22) XL:     7   Next: 16%
Magic:  7/7        EV:  7    Int:  5 (8)  God:
Gold:   176        SH:  4    Dex:  8 (9)  Spells: 6/6 levels left

rFire   . . .        Y - +0 war axe
rCold   . . .        c - +0 buckler
rNeg    + + .        e - +0 chain mail
rPois   inf          (no helmet)
rElec   +            g - +0 cloak
rCorr   .            m - +0 pair of gloves
SInv    .            (no boots)
Will    .....        (no amulet) Stlth
                     l - ring of positive energy
HPRegen 0.27/turn    (no ring)
MPRegen 0.10/turn

%: no passive effects
@: no status effects
A: sickness immunity, AC +4, negative energy resistance 1, electricity
resistance, torment resistance 1, petrification resistance
a: no special abilities


You were on level 5 of the Dungeon.
You visited 1 branch of the dungeon, and saw 5 of its levels.

You collected 176 gold pieces.


Innate Abilities, Weirdness & Mutations

You are immune to sickness and miasma.
Your stone body is resilient. (AC +4)
You are immune to poison.
You resist negative energy. (rN+)
You are resistant to electric shocks. (rElec)
You are resistant to unholy torment.
You are immune to petrification.


   Skills:
 - Level 4.0 Fighting
 + Level 6.6 Axes
 - Level 3.2 Armour
 - Level 3.2 Shields


You had 6 spell levels left.
You didn't know any spells.
Your spell library was empty.

Inventory:

Hand Weapons
 f - a +0 whip
 Y - a +0 war axe (weapon)
Armour
 a - the +2 pair of gloves "Moetekhlo" {rPois Will++ Str-3 Int+2}
   (You found it on level 5 of the Dungeon)

   Str:       It affects your strength (-3).
   Int:       It affects your intelligence (+2).
   rPois:     It protects you from poison.
   Will:      It greatly increases your willpower.
 c - a +0 buckler (worn)
 e - a +0 chain mail (worn)
 g - a +0 cloak (worn)
 m - a +0 pair of gloves (worn)
Jewellery
 l - a ring of positive energy (left hand)
Wands
 j - a wand of digging (4)
Scrolls
 q - 2 scrolls of identify
Potions
 b - a potion of mutation {unknown}
 d - 3 potions of might
 h - a potion of lignification
 i - a potion of haste
 k - a potion of curing
 p - a potion of magic {unknown}
 r - a potion of brilliance {unknown}

Dungeon Overview and Level Annotations

Branches:
Dungeon (5/15)
 Temple: D:4-7

Altars:
Sif Muna
Xom
Yredelemnul

Shops:
D:3 *

Annotations:
D:2 1 runed translucent door, Crazy Yiuf


Message History

Enter note:
Enter note:
Enter note:
Enter note: The centaur unwields a +0 shortbow.
You block the centaur's attack.
The centaur kicks you but does no damage.
Enter note:
Enter note:
Enter note:
Enter note:
Enter note:
Enter note:
Enter note:
Enter note:
Enter note: You hit the centaur but do no damage.
You closely miss the iguana.
The centaur hits you but does no damage.
The centaur kicks you but does no damage.
The iguana bites you but does no damage.
The centaur hits you.
The centaur kicks you but does no damage.
You barely miss the centaur. You barely miss the iguana. The centaur hits you.
The centaur barely misses you.
The iguana bites you but does no damage.
The centaur hits you but does no damage.
The centaur kicks you but does no damage.
The iguana barely misses you.
You hit the centaur.
The centaur is moderately wounded.
You hit the iguana. The centaur misses you. The centaur barely misses you.
The iguana bites you but does no damage.
The centaur hits you but does no damage.
The centaur kicks you but does no damage.
You hit the centaur.
The centaur is moderately wounded.
You closely miss the iguana. The centaur barely misses you.
The centaur closely misses you. The iguana bites you.
You die...

. .. ..... # ##) ....# . #
...###..# ....#.. ..# ###
...#....##....... #..##..
........#..... #......
............# #.....<
..##.....lc..#....##......
.........@..#......#......
......%.....#..# ..#......
....##........# #........
## #.......####........
##.......##..........
#......#.............
##.....#.............
#............##......
#............#.......


You could see a centaur and an iguana.

Vanquished Creatures
  Sigmund (D:2)
  A scorpion (D:5)
  A jelly (D:5)
  Ijyb (D:3)
  4 gnolls
  7 adders
  A shadow imp (D:3)
  2 ufetubi
  3 dart slugs
  2 orcs (D:3)
  7 endoplasms
  4 giant cockroaches
  6 goblins
  6 hobgoblins
  19 jackals
  6 kobolds
  4 quokkas
  10 ball pythons
  5 bats
  7 frilled lizards
  6 rats
103 creatures vanquished.

Notes
Turn   | Place    | Note
-------+----------+-------------------------------------------
     0 | D:1      | qw the Gargoyle Fighter began the quest for the Orb.
     0 | D:1      | Reached XP level 1. HP: 14/14 MP: 1/1
     0 | D:1      | 0 ||| qw: Version: 0.2-a-102-gbcf14f9
     0 | D:1      | 0 ||| qw: Game counter: 374
     0 | D:1      | 0 ||| qw: Always use a shield: true
     0 | D:1      | 0 ||| qw: God list: Okawaru
     0 | D:1      | 0 ||| qw: Allow faded altars: false
     0 | D:1      | 0 ||| qw: Do Orc after D:15 true
     0 | D:1      | 0 ||| qw: Do second Lair branch before Depths: true
     0 | D:1      | 0 ||| qw: Lair rune preference: random
     0 | D:1      | 0 ||| qw: Plans: Normal, Zot:1-4, Slime:5, God:TSO, Crypt,
                  | Tomb, Pan, Hells, Abyss, Win
     0 | D:1      | 0 ||| PLANNING D:1-11
    26 | D:1      | 26 ||| Stepping ~*~*~tactically~*~*~ (stealth).
    36 | D:1      | Reached skill level 2 in Axes
    78 | D:1      | Reached XP level 2. HP: 19/19 MP: 2/2
   113 | D:1      | You fall into a shaft and drop 1 floor!
   296 | D:1      | 296 ||| Stepping ~*~*~tactically~*~*~ (stealth).
   312 | D:1      | 312 ||| Stepping ~*~*~tactically~*~*~ (stealth).
   313 | D:1      | 313 ||| Stepping ~*~*~tactically~*~*~ (stealth).
   316 | D:1      | 316 ||| Stepping ~*~*~tactically~*~*~ (hiding).
   351 | D:1      | 351 ||| Stepping ~*~*~tactically~*~*~ (stealth).
   365 | D:1      | Reached skill level 3 in Axes
   480 | D:1      | 480 ||| Stepping ~*~*~tactically~*~*~ (stealth).
   493 | D:1      | Reached XP level 3. HP: 17/23 MP: 3/3
   579 | D:1      | 579 ||| Stepping ~*~*~tactically~*~*~ (hiding).
   970 | D:1      | 970 ||| UPGRADING to +0 cloak.
   975 | D:1      | 975 ||| UPGRADING to ring of positive energy.
   976 | D:1      | 976 ||| READING scroll labelled FENIKHL KAFYGH.
   977 | D:1      | 977 ||| READING scroll labelled KOHOXU FUGETHE.
   978 | D:1      | 978 ||| DRINKING 2 fuming ruby potions.
  1081 | D:2      | 1081 ||| FLEEEEING.
  1135 | D:2      | Noticed Sigmund
  1136 | D:2      | 1136 ||| Stepping ~*~*~tactically~*~*~ (hiding).
  1143 | D:2      | HP: 4/23 [Sigmund/puff of flame (8)]
  1144 | D:2      | 1144 ||| DRINKING potion of heal wounds.
  1148 | D:2      | Killed Sigmund
  1149 | D:2      | Reached skill level 5 in Axes
  1149 | D:2      | Reached XP level 4. HP: 21/28 MP: 4/4
  1149 | D:2      | Reached XP level 5. HP: 24/32 MP: 5/5
  1208 | D:2      | Found a runed translucent door.
  1209 | D:2      | Noticed Crazy Yiuf
  1283 | D:2      | Found a shimmering altar of Xom.
  1372 | D:2      | Reached XP level 6. HP: 35/37 MP: 6/6
  1942 | D:2      | 1942 ||| Stepping ~*~*~tactically~*~*~ (hiding).
  1962 | D:2      | 1962 ||| Stepping ~*~*~tactically~*~*~ (stealth).
  1964 | D:2      | 1964 ||| Stepping ~*~*~tactically~*~*~ (stealth).
  1965 | D:2      | 1965 ||| Stepping ~*~*~tactically~*~*~ (stealth).
  1966 | D:2      | 1966 ||| Stepping ~*~*~tactically~*~*~ (stealth).
  2150 | D:2      | 2150 ||| UPGRADING to +0 pair of gloves.
  2155 | D:2      | 2155 ||| READING scroll labelled IMENIL RISU.
  2156 | D:2      | 2156 ||| READING scroll labelled VAONEH IJENE.
  2157 | D:2      | 2157 ||| DRINKING 2 fuming dark potions.
  2158 | D:2      | 2158 ||| DROPPING potion of degeneration.
  2262 | D:3      | Found a shimmering blue altar of Sif Muna.
  2269 | D:3      | Noticed Ijyb
  2288 | D:3      | Killed Ijyb
  2337 | D:3      | Found a basalt altar of Yredelemnul.
  2446 | D:3      | Found a faded altar of an unknown god.
  2571 | D:3      | Found Cefufiaq's General Store.
  2579 | D:3      | 2579 ||| SHOPLISTING +2 pair of boots (231 gold, have 115).
  2579 | D:3      | 2579 ||| SHOPLISTING wand of digging (8) (470 gold, have
                  | 115).
  2620 | D:3      | 2620 ||| UPGRADING to +0 chain mail.
  2630 | D:3      | 2630 ||| DROPPING +0 scale mail.
  2631 | D:3      | 2631 ||| READING scroll labelled TYSTRA KOODWIJO.
  2632 | D:3      | 2632 ||| READING scroll labelled BOXUSU JIDOTHE.
  2633 | D:3      | 2633 ||| DRINKING 2 brown potions.
  2634 | D:3      | 2634 ||| DROPPING potion of flight.
  3073 | D:4      | Reached skill level 6 in Axes
  3269 | D:4      | 3269 ||| READING 5 scrolls of identify.
  3269 | D:4      | 3269 ||| IDENTIFYING cyan potion
  3270 | D:4      | 3270 ||| READING 4 scrolls of identify.
  3270 | D:4      | 3270 ||| IDENTIFYING glowing inky potion
  3271 | D:4      | 3271 ||| READING 3 scrolls of identify.
  3271 | D:4      | 3271 ||| IDENTIFYING white potion
  3272 | D:4      | 3272 ||| READING 2 scrolls of identify.
  3272 | D:4      | 3272 ||| IDENTIFYING golden potion
  3273 | D:4      | 3273 ||| DROPPING potion of ambrosia.
  3280 | D:5      | Entered Level 5 of the Dungeon
  3341 | D:5      | Identified the +2 pair of gloves "Moetekhlo" {rPois Will++
                  | Str-3 Int+2}
  3401 | D:5      | 3401 ||| Stepping ~*~*~tactically~*~*~ (water).
  3416 | D:5      | 3416 ||| Stepping ~*~*~tactically~*~*~ (water).
  3501 | D:5      | Reached XP level 7. HP: 40/43 MP: 7/7
  3532 | D:5      | 3532 ||| Stepping ~*~*~tactically~*~*~ (hiding).
  3538 | D:5      | HP: 7/43 [centaur/arrow (6)]
  3541 | D:5      | HP: 2/43 [centaur (3)]
  3543 | D:5      | Slain by an iguana

Levels and vault maps discovered:
D:1:      dpeg_arrival_stone_temple_mockup, layout_basic
D:2:      minmay_alternating_diamond, layout_loops_corners, basic_altar,
          uniq_sigmund, uniq_crazy_yiuf_cottage
D:3:      layout_rooms, lemuel_doored_altar, mainiacjoe_overflow_boulevard,
          serial_shops, nicolae_shop_stone, shapermc_ecumenical_altar_pompeii,
          grunt_ministairs_1, uniq_ijyb
D:4:      layout_loops_ring
D:5:      dreamdust_elfheim, layout_cave_pools, nicolae_overflow_hidden_temple,
          minmay_temple_entry_drinking_statues, minmay_liquid_box

Skill      XL: |  1  2  3  4  5  6 |
---------------+-------------------+-----
Axes           | 2 3 5 6 |  6.6
Fighting       | 4 |  4.0
Armour         | |  3.2
Shields        | |  3.2

Action                     |  1- 3 |  4- 6 |  7- 9 || total
---------------------------+-------+-------+-------++-------
  Melee: War axe           |   112 |   179 |     8 ||   299
    Use: Scroll            |     2 |     8 |       ||    10
         Potion            |     2 |     2 |       ||     4
 Armour: Scale mail        |    61 |    57 |       ||   118
         Chain mail        |       |    60 |    17 ||    77
  Dodge: Dodged            |    41 |    95 |     7 ||   143
  Block: Buckler           |     8 |    33 |     2 ||    43

Table legend:
 A = Non-vault XP
 B = Vault XP
 C = Vault XP percentage of total XP
 D = Non-vault monster count
 E = Vault monster count
 F = Vault count percentage of total count
                 A         B        C        D         E       F
            +---------+---------+-------+---------+---------+-------
      Total |     439 |     272 |  38.3 |      97 |       6 |   5.8
            +---------+---------+-------+---------+---------+-------
        D:1 |      69 |       0 |   0.0 |      32 |       0 |   0.0
        D:2 |      67 |     233 |  77.7 |      21 |       4 |  16.0
        D:3 |      69 |      39 |  36.1 |      21 |       2 |   8.7
        D:4 |      48 |       0 |   0.0 |      16 |       0 |   0.0
        D:5 |     186 |       0 |   0.0 |       7 |       0 |   0.0
            +---------+---------+-------+---------+---------+-------
